TEX
ARKANSAS TRAVELERS @ MIDLAND ROCKHOUNDS
06/04/2099
 
TOP OF THE 1ST
Arkansas Travelers batting - Pitching for Midland RockHounds : LHP Chris Ricks
Pitching: LHP Chris Ricks
Batting: RHB Jason Southerland 0-0: Fly out, F7 (Line Drive, 78M, EV 91.9 MPH)
Batting: LHB Bobby Errington 0-0: Called Strike
0-1: Foul Ball, location: 2F
0-2: Foul Ball, location: 2F
0-2: DOUBLE (Line Drive, 9LM, EV 106.3 MPH)
Batting: LHB Matt Johansen 0-0: Ball
1-0: Ball
2-0: Ball
3-0: Called Strike
3-1: Called Strike
3-2: Base on Balls
Batting: RHB Jonathan Baynham 0-0: Called Strike
0-1: Fly out, F8 (Flyball, 8LD, EV 88.1 MPH)
Batting: LHB Adrian Ellis 0-0: Ball
1-0: Ball
2-0: Ground out 6-3 (Groundball, 6M, EV 82.5 MPH)
Top of the 1st over - 0 runs, 1 hit, 0 errors, 2 left on base; Arkansas 0 - Midland 0
BOTTOM OF THE 1ST
Midland RockHounds batting - Pitching for Arkansas Travelers : LHP Ryan Wright
Pitching: LHP Ryan Wright
Batting: LHB Phil Stuart 0-0: Ground out U3 (Groundball, 3, EV 84.4 MPH)
Batting: SHB Andy Phillips 0-0: Ball
1-0: Ground out U3 (Groundball, 34S, EV 67.5 MPH)
Batting: RHB Jose Cota 0-0: Ball
1-0: Ball
2-0: Ball
3-0: Called Strike
3-1: Base on Balls
Batting: RHB Bobby Flores 0-0: Ball
1-0: Foul Ball, location: 9LSF
1-1: Foul Ball, location: 25FF
1-2: Ball
2-2: Foul Ball, location: 9LDF
2-2: Fly out, F6 (Popup, 6MS, EV 68.8 MPH)
Bottom of the 1st over - 0 runs, 0 hits, 0 errors, 1 left on base; Arkansas 0 - Midland 0
TOP OF THE 2ND
Arkansas Travelers batting - Pitching for Midland RockHounds : LHP Chris Ricks
Batting: RHB Dan Bouldin 0-0: Called Strike
0-1: Ball
1-1: Called Strike
1-2: SINGLE (Line Drive, 6M, EV 103.1 MPH)
Batting: RHB Adam Scott 0-0: Called Strike
0-1: Foul Ball, location: 9LSF
0-2: SINGLE (Groundball, 6D, EV 98.8 MPH)
Dan Bouldin to second
Batting: RHB Jason Glennon 0-0: Called Strike
0-1: Ball
1-1: Grounds into double play, 4-6-3 (Groundball, 4, EV 107.5 MPH)
Dan Bouldin to third
Batting: RHB Cody Murray 0-0: SINGLE (Line Drive, 56D, EV 97.5 MPH)
Dan Bouldin scores
Batting: RHB Jason Southerland 0-0: Foul Ball, location: 7LSF
0-1: TRIPLE (Line Drive, 89XD, EV 103.8 MPH)
Cody Murray scores
Batting: LHB Bobby Errington 0-0: Ball
1-0: Fly out, F6 (Popup, 6M, EV 61.9 MPH)
Top of the 2nd over - 2 runs, 4 hits, 0 errors, 1 left on base; Arkansas 2 - Midland 0
BOTTOM OF THE 2ND
Midland RockHounds batting - Pitching for Arkansas Travelers : LHP Ryan Wright
Batting: RHB Milt May 0-0: Foul Ball, location: 9LDF
0-1: Foul Ball, location: 2F
0-2: Ball
1-2: Strikes out looking
Batting: LHB Jesse Nunes 0-0: Called Strike
0-1: Ball
1-1: Ball
2-1: Foul Ball, location: 2RF
2-2: Foul Ball, location: 23F
2-2: Strikes out swinging
Batting: RHB Brian Kantar 0-0: SINGLE (Flyball, 5D, EV 93.8 MPH)
Batting: RHB Luis Zuniga 0-0: Called Strike
0-1: Ball
1-1: Foul Ball, location: 5DF
1-2: Fielders Choice at 2nd, 6-4 (Groundball, 6, EV 103.8 MPH)
Bottom of the 2nd over - 0 runs, 1 hit, 0 errors, 1 left on base; Arkansas 2 - Midland 0
TOP OF THE 3RD
Arkansas Travelers batting - Pitching for Midland RockHounds : LHP Chris Ricks
Batting: LHB Matt Johansen 0-0: Swinging Strike
0-1: Foul Ball, location: 23F
0-2: Strikes out swinging
Batting: RHB Jonathan Baynham 0-0: Hit by Pitch
Batting: LHB Adrian Ellis 0-0: Called Strike
0-1: Ball
1-1: Fielders Choice at 2nd, 5-4 (Groundball, 56, EV 91.9 MPH)
Batting: RHB Dan Bouldin 0-0: Ball
1-0: Called Strike
1-1: SINGLE (Groundball, 3D, EV 103.1 MPH)
Adrian Ellis to second
Runner from 2nd tries for 3rd, SAFE, no throw by RF
Batting: RHB Adam Scott 0-0: Called Strike
0-1: Swinging Strike
0-2: Ball
1-2: Foul Ball, location: 25FF
1-2: Foul Ball, location: 9LSF
1-2: Ball
2-2: Foul Ball, location: 3DF
2-2: Strikes out swinging
Top of the 3rd over - 0 runs, 1 hit, 0 errors, 2 left on base; Arkansas 2 - Midland 0
BOTTOM OF THE 3RD
Midland RockHounds batting - Pitching for Arkansas Travelers : LHP Ryan Wright
Batting: RHB Kevin Paquette 0-0: Called Strike
0-1: Ball
1-1: Ball
2-1: Foul Ball, location: 5F
2-2: Foul Ball, location: 2F
2-2: Ground out 3-1 (Groundball, 34D, EV 96.3 MPH)
Batting: LHB Phil Stuart 0-0: Ball
1-0: Ball
2-0: Ground out 4-3 (Groundball, 34D, EV 89.4 MPH)
Batting: SHB Andy Phillips 0-0: Called Strike
0-1: Called Strike
0-2: Ball
1-2: Ball
2-2: Foul Ball, location: 2RF
2-2: Ball
3-2: Base on Balls
Batting: RHB Jose Cota 0-0: Ball
1-0: Called Strike
1-1: Ball
2-1: Foul Ball, location: 2F
2-2: Foul Ball, location: 3F
2-2: SINGLE (Groundball, 6MD, EV 104.4 MPH)
Andy Phillips to second
Batting: RHB Bobby Flores 0-0: Ball
1-0: Called Strike
1-1: Foul Ball, location: 2F
1-2: Fly out, F8 (Flyball, 8LM, EV 93.1 MPH)
Bottom of the 3rd over - 0 runs, 1 hit, 0 errors, 2 left on base; Arkansas 2 - Midland 0
TOP OF THE 4TH
Arkansas Travelers batting - Pitching for Midland RockHounds : LHP Chris Ricks
Batting: RHB Jason Glennon 0-0: Ball
1-0: SINGLE (Groundball, 6MD, EV 97.5 MPH)
Batting: RHB Cody Murray 0-0: Bunt - Flyout to 15S! F1
Batting: RHB Jason Southerland 0-0: Ball
1-0: Ball
2-0: Ball
3-0: Base on Balls
Jason Glennon to second
Batting: LHB Bobby Errington 0-0: Called Strike
0-1: Ball
1-1: Called Strike
1-2: Ball
2-2: Ball
3-2: Fielders Choice at 2nd, 4-6 (Groundball, 4S, EV 91.9 MPH)
Jason Glennon to third
Batting: LHB Matt Johansen 0-0: Called Strike
0-1: Ball
1-1: DOUBLE (Flyball, 8LXD, EV 99.4 MPH)
Jason Glennon scores
Bobby Errington to third
Runner from 3rd tries for Home, SAFE, no throw by CF
Batting: RHB Jonathan Baynham 0-0: Foul Ball, location: 5F
0-1: Foul Ball, location: 2F
0-2: Hit by Pitch
Batting: LHB Adrian Ellis 0-0: Ball
1-0: Foul Ball, location: 2F
1-1: Ball
2-1: Foul Ball, location: 2F
2-2: Fielders Choice at 3rd, U5 (Groundball, 5, EV 88.1 MPH)
Top of the 4th over - 2 runs, 2 hits, 0 errors, 1 left on base; Arkansas 4 - Midland 0
BOTTOM OF THE 4TH
Midland RockHounds batting - Pitching for Arkansas Travelers : LHP Ryan Wright
Batting: RHB Milt May 0-0: Foul Ball, location: 3F
0-1: Foul Ball, location: 2F
0-2: Strikes out swinging
Batting: LHB Jesse Nunes 0-0: Swinging Strike
0-1: Fly out, F9 (Flyball, 89D, EV 91.3 MPH)
Batting: RHB Brian Kantar 0-0: Ball
1-0: Ground out 6-3 (Groundball, 6, EV 85.6 MPH)
Bottom of the 4th over - 0 runs, 0 hits, 0 errors, 0 left on base; Arkansas 4 - Midland 0
TOP OF THE 5TH
Arkansas Travelers batting - Pitching for Midland RockHounds : LHP Chris Ricks
Batting: RHB Dan Bouldin 0-0: Ground out 4-3 (Groundball, 4, EV 86.3 MPH)
Batting: RHB Adam Scott 0-0: Ball
1-0: Foul Ball, location: 2F
1-1: Foul Ball, location: 23F
1-2: Ball
2-2: Ground out 5-3 (Groundball, 56, EV 79.4 MPH)
Batting: RHB Jason Glennon 0-0: Swinging Strike
0-1: Swinging Strike
0-2: Ball
1-2: Ball
2-2: Strikes out swinging
Top of the 5th over - 0 runs, 0 hits, 0 errors, 0 left on base; Arkansas 4 - Midland 0
BOTTOM OF THE 5TH
Midland RockHounds batting - Pitching for Arkansas Travelers : LHP Ryan Wright
Batting: RHB Luis Zuniga 0-0: Called Strike
0-1: Foul Ball, location: 2F
0-2: Ball
1-2: Strikes out swinging
Batting: RHB Kevin Paquette 0-0: Fly out, F6 (Popup, 6D, EV 45.6 MPH)
Batting: LHB Phil Stuart 0-0: DOUBLE (Line Drive, 89D, EV 105.6 MPH)
Batting: SHB Andy Phillips 0-0: Called Strike
0-1: Foul Ball, location: 2F
0-2: Ball
1-2: Ball
2-2: Ball
3-2: Base on Balls
Batting: RHB Jose Cota 0-0: Called Strike
0-1: Foul Ball, location: 2F
0-2: Ball
1-2: Ball
2-2: Strikes out swinging
Bottom of the 5th over - 0 runs, 1 hit, 0 errors, 2 left on base; Arkansas 4 - Midland 0
TOP OF THE 6TH
Arkansas Travelers batting - Pitching for Midland RockHounds : LHP Chris Ricks
Batting: RHB Cody Murray 0-0: Ball
1-0: Swinging Strike
1-1: Swinging Strike
1-2: Strikes out swinging
Batting: RHB Jason Southerland 0-0: Ball
1-0: Foul Ball, location: 9LMF
1-1: Ball
2-1: SINGLE (Groundball, 6MD, EV 100.0 MPH)
Batting: LHB Bobby Errington 0-0: Ball
1-0: Swinging Strike
1-1: SINGLE (Line Drive, 9S, EV 92.5 MPH)
Jason Southerland to second
Batting: LHB Matt Johansen 0-0: Ball
1-0: Ball
2-0: Swinging Strike
2-1: Foul Ball, location: 2F
2-2: SINGLE (Line Drive, 6D, EV 100.0 MPH)
Jason Southerland to third
Bobby Errington to second
Batting: RHB Jonathan Baynham 0-0: Ball
1-0: Called Strike
1-1: Ball
Balk!
Jason Southerland scores
Bobby Errington to third
Matt Johansen to second
2-1: Ball
3-1: Called Strike
3-2: Strikes out looking
Pitching: RHP Matt Franks
Batting: LHB Adrian Ellis 0-0: Ball
1-0: Ball
2-0: SINGLE (Line Drive, 89S, EV 106.9 MPH)
Bobby Errington scores
Matt Johansen to third
Runner from 3rd tries for Home, SAFE, throw by RF to home
Batting: RHB Dan Bouldin 0-0: Called Strike
0-1: Fielders Choice at 2nd, 6-4 (Groundball, 6, EV 85.6 MPH)
Top of the 6th over - 3 runs, 4 hits, 0 errors, 1 left on base; Arkansas 7 - Midland 0
BOTTOM OF THE 6TH
Midland RockHounds batting - Pitching for Arkansas Travelers : LHP Ryan Wright
Batting: RHB Bobby Flores 0-0: Called Strike
0-1: Ball
1-1: Foul Ball, location: 2F
1-2: Ball
2-2: SINGLE (Groundball, 4MD, EV 104.4 MPH)
Pitching: LHP Blake Hadley
Batting: RHB Milt May 0-0: Ball
1-0: Fly out, F4 (Line Drive, 4, EV 66.3 MPH)
Batting: LHB Jesse Nunes 0-0: Ball
1-0: DOUBLE (Flyball, 7LD, EV 92.5 MPH)
Bobby Flores to third
Runner from 3rd tries for Home, SAFE, throw by LF to home
Batting: RHB Brian Kantar 0-0: Ball
1-0: Ball
2-0: Ball
3-0: Called Strike
3-1: Swinging Strike
3-2: Base on Balls
Batting: RHB Luis Zuniga 0-0: Ball
1-0: Called Strike
1-1: Ball
2-1: Ball
3-1: Called Strike
3-2: Ground out 5-3 (Groundball, 5S, EV 75.0 MPH)
Jesse Nunes to third
Brian Kantar to second
Batting: RHB Kevin Paquette 0-0: Ball
1-0: Called Strike
1-1: Foul Ball, location: 2F
1-2: Ball
2-2: Ball
3-2: Ground out U3 (Groundball, 3, EV 90.0 MPH)
Bottom of the 6th over - 1 run, 2 hits, 0 errors, 2 left on base; Arkansas 7 - Midland 1
TOP OF THE 7TH
Arkansas Travelers batting - Pitching for Midland RockHounds : RHP Matt Franks
Pinch Hitting: SHB Rich Orellana 0-0: Ball
1-0: Foul Ball, location: 2F
1-1: Fly out, F8 (Flyball, 8RM, EV 98.8 MPH)
Batting: RHB Jason Glennon 0-0: Ball
1-0: SINGLE (Line Drive, 6MD, EV 98.8 MPH)
Batting: RHB Cody Murray 0-0: Foul Ball, location: 5F
0-1: Ball
1-1: Ball
2-1: Ball
3-1: Base on Balls
Jason Glennon to second
Batting: RHB Jason Southerland 0-0: Swinging Strike
0-1: Called Strike
0-2: Ball
1-2: Foul Ball, location: 2F
1-2: Ball
2-2: Ball
Wild Pitch!
Jason Glennon to third
Cody Murray to second
3-2: Foul Ball, location: 3FF
3-2: Foul Ball, location: 5F
3-2: Base on Balls
Batting: LHB Bobby Errington 0-0: Swinging Strike
0-1: Grounds into double play, 6-4-3 (Groundball, 6, EV 101.9 MPH)
Top of the 7th over - 0 runs, 1 hit, 0 errors, 2 left on base; Arkansas 7 - Midland 1
BOTTOM OF THE 7TH
Midland RockHounds batting - Pitching for Arkansas Travelers : LHP Blake Hadley
Now in RF: David Hardy
Batting: LHB Phil Stuart 0-0: Called Strike
0-1: Ball
1-1: Ball
2-1: Swinging Strike
2-2: Foul Ball, location: 2F
2-2: Strikes out swinging
Batting: SHB Andy Phillips 0-0: Ball
1-0: Ball
2-0: Ball
3-0: Called Strike
3-1: Called Strike
3-2: Strikes out swinging
Batting: RHB Jose Cota 0-0: Foul Ball, location: 2F
0-1: Ball
1-1: Ground out 6-3 (Groundball, 6D, EV 90.6 MPH)
Bottom of the 7th over - 0 runs, 0 hits, 0 errors, 0 left on base; Arkansas 7 - Midland 1
TOP OF THE 8TH
Arkansas Travelers batting - Pitching for Midland RockHounds : RHP Matt Franks
Batting: LHB Matt Johansen 0-0: Foul Ball, location: 3FF
0-1: Ball
1-1: Foul Ball, location: 23FF
1-2: Ball
2-2: Fly out, F9 (Flyball, 89S, EV 83.8 MPH)
Batting: RHB Jonathan Baynham 0-0: Ball
1-0: Foul Ball, location: 23F
1-1: Foul Ball, location: 2F
1-2: Ball
2-2: Strikes out swinging
Batting: LHB Adrian Ellis 0-0: Foul Ball, location: 2F
0-1: Swinging Strike
0-2: Foul Ball, location: 2F
0-2: Ball
1-2: Ground out 2-3 (Groundball, 15S, EV 68.8 MPH)
Top of the 8th over - 0 runs, 0 hits, 0 errors, 0 left on base; Arkansas 7 - Midland 1
BOTTOM OF THE 8TH
Midland RockHounds batting - Pitching for Arkansas Travelers : LHP Blake Hadley
Batting: RHB Bobby Flores 0-0: Foul Ball, location: 2F
0-1: Foul Ball, location: 25FF
0-2: Foul Ball, location: 2F
0-2: Ball
1-2: Strikes out swinging
Batting: RHB Milt May 0-0: Called Strike
0-1: Foul Ball, location: 3FF
0-2: Ball
1-2: Strikes out swinging
Batting: LHB Jesse Nunes 0-0: Ball
1-0: Foul Ball, location: 2F
1-1: Ball
2-1: Ball
3-1: Base on Balls
Batting: RHB Brian Kantar 0-0: Foul Ball, location: 2F
0-1: Ball
1-1: Ball
2-1: Fielders Choice at 2nd, 6-4 (Groundball, 6, EV 83.8 MPH)
Bottom of the 8th over - 0 runs, 0 hits, 0 errors, 1 left on base; Arkansas 7 - Midland 1
TOP OF THE 9TH
Arkansas Travelers batting - Pitching for Midland RockHounds : RHP Matt Franks
Batting: RHB Dan Bouldin 0-0: Ball
1-0: Foul Ball, location: 5FF
1-1: Called Strike
1-2: Strikes out swinging
Batting: RHB David Hardy 0-0: Ball
1-0: Ball
2-0: Foul Ball, location: 2F
2-1: Ball
3-1: Swinging Strike
3-2: Foul Ball, location: 2F
3-2: Base on Balls
Batting: RHB Jason Glennon 0-0: Called Strike
0-1: Ball
1-1: Foul Ball, location: 9LMF
1-2: Strikes out looking
Batting: RHB Cody Murray 0-0: Ball
1-0: Called Strike
1-1: Foul Ball, location: 2F
1-2: Ball
2-2: Foul Ball, location: 23F
2-2: Fly out, F4 (Popup, 3D, EV 51.9 MPH)
Top of the 9th over - 0 runs, 0 hits, 0 errors, 1 left on base; Arkansas 7 - Midland 1
BOTTOM OF THE 9TH
Midland RockHounds batting - Pitching for Arkansas Travelers : LHP Blake Hadley
Batting: RHB Luis Zuniga 0-0: Called Strike
0-1: SINGLE (Flyball, 3D, EV 91.9 MPH)
Pitching: RHP Josh Reed
Batting: RHB Kevin Paquette 0-0: Ball
1-0: Swinging Strike
1-1: Fly out, F3 (Popup, 3F, EV 66.9 MPH)
Batting: LHB Phil Stuart 0-0: Fly out, F5 (Popup, 56S, EV 83.1 MPH)
Batting: SHB Andy Phillips 0-0: Fly out, F5 (Popup, 5SF, EV 85.0 MPH)
Bottom of the 9th over - 0 runs, 1 hit, 0 errors, 1 left on base; Arkansas 7 - Midland 1
Monday, May 6th , 2024 - OOTP Baseball 24.11 Build 85